 Dungeon Crawl Stone Soup version 0.30-a0-297-g0ec75d9ef4 (webtiles) character file.

Game seed: 15312711453673379238

981 ponyjar the Slicer (level 7, -10/50 HPs)
             Began as a Demonspawn Brigand on Oct 19, 2022.
             Killed by an exploding yak (14 damage)
             ... ignited by their inner flame
             ... on level 6 of the Dungeon.
             The game lasted 00:04:57 (3270 turns).

ponyjar the Slicer (Demonspawn Brigand)             Turns: 3270, Time: 00:04:57

Health: -10/50     AC:  9    Str: 11    XL:     7   Next: 96%
Magic:  7/7        EV: 13    Int: 13    God:
Gold:   96         SH:  0    Dex: 16    Spells: 6/6 levels left

rFire   . . .      SeeInvis .    a - +3 dagger (flame)
rCold   . . .      Faith    .    (no shield)
rNeg    . . .      Spirit   .    r - +0 leather armour
rPois   .          Reflect  .    (no helmet)
rElec   .          Harm     .    c - +0 cloak
rCorr   .          Rampage  .    n - +0 pair of gloves
Will    .....                    (no boots)
Stlth   ++........               (no amulet)
HPRegen 0.28/turn                l - +4 ring of protection
MPRegen 0.10/turn                (no ring)

@: mighty, lethally poisoned (-10 -> -15)
A: repulsion field 1, powered by pain 2, spiny 1, demonic touch 1
a: no special abilities


You were on level 6 of the Dungeon.
You visited 1 branch of the dungeon, and saw 5 of its levels.

You collected 196 gold pieces.
You spent 100 gold pieces at shops.

Inventory:

Hand Weapons
 a - a +3 dagger of flaming (weapon)
 w - a +1 whip of electrocution
Missiles
 d - 9 poisoned darts (quivered)
 e - 3 curare-tipped darts
 f - 2 throwing nets
Armour
 b - a +0 robe
 c - a +0 cloak (worn)
 n - a +0 pair of gloves (worn)
 r - a +0 leather armour (worn)
Jewellery
 l - a +4 ring of protection (left hand)
Wands
 t - a wand of polymorph (10)
Scrolls
 u - a scroll of enchant armour
 v - a scroll of fog {unknown}
 x - 2 scrolls of identify
Potions
 h - a potion of berserk rage {unknown}
 i - 2 potions of brilliance {unknown}
 j - a potion of curing {unknown}
 k - 2 potions of degeneration
 m - a potion of attraction {unknown}
 o - 3 potions of mutation {unknown}
 s - a potion of cancellation {unknown}


   Skills:
 - Level 2.0 Fighting
 * Level 8.6 Short Blades
 - Level 1.8 Throwing
 - Level 0.9 Dodging
 - Level 3.6 Stealth


You had 6 spell levels left.
You didn't know any spells.
Your spell library was empty.

Dungeon Overview and Level Annotations

Branches:
Dungeon (6/15)
 Temple: D:4-7

Altars:
Dithmenos
Okawaru
Ru

Shops:
D:2 !   D:6 *[(

Annotations:
D:3 2 runed translucent doors, mdonais's ghost, amateur OpWn


Innate Abilities, Weirdness & Mutations

You are surrounded by a mild repulsion field. (EV +2)
You sometimes gain power by taking damage.
You are partially covered in sharp spines.
Your touch may inflict minor irresistible damage on your foes.


Message History

The gnoll bouda barks out a call to the hunt!
The gnoll picks up the pace!
Okay, then.
This is a scroll of acquirement!
You see here a manual of Earth Magic.
Something appears at your feet!
You feel sick.
The yak is engulfed in blazing flames.
Flame seeps out of the yak.
The yak is struck by your spines.
Flame seeps out of the yak.
The yak gores you!
* * * LOW HITPOINT WARNING * * *
The yak is struck by your spines.
Flame seeps out of the yak.
The yak gores you.
* * * LOW HITPOINT WARNING * * *
The howler monkey hoots and howls with incredible vigour!
You hear an angry hiss. x2
Unknown command.
Okay, then.
As you read the scroll labelled XETIEVVAGIA, it crumbles to dust.
Your body is wracked with pain!
* * * LOW HITPOINT WARNING * * *
The yak convulses!
Flame seeps out of the yak.
The yak convulses!
Flame seeps out of the yak.
The gnoll bouda convulses!
Flame seeps out of the gnoll bouda.
The yak convulses!
Flame seeps out of the yak.
The yak convulses!
Flame seeps out of the yak.
The gnoll convulses!
Flame seeps out of the gnoll.
The yak convulses!
The gnoll convulses!
Flame seeps out of the gnoll.
The howler monkey convulses!
It was a scroll of torment.
* * * LOW HITPOINT WARNING * * *
You feel sick.
The gnoll bouda is engulfed in blazing flames.
Flame seeps out of the gnoll bouda.
The gnoll bouda barely misses you.
The yak is engulfed in blazing flames.
The yak explodes!
The fiery explosion engulfs the gnoll!!!
The fiery explosion engulfs the yak!!!
The yak explodes!
The fiery explosion engulfs the yak!! x2
The yak explodes!
The fiery explosion engulfs the gnoll bouda!!!
The fiery explosion engulfs you!
You die...

...####............ ....##
##..g####.###.
.....##..#......###. #
#.#........#####.... ..
........^....###.... .Y.
##.....#####.#....## ....
#..##..####.....#### .....
#§§.........##).####
......##○°@..............).
.....Y○○§○○....#####.....)#
......§#§§g......# ##.###'#
.......#.......#.# ###≈§.≈
.....#.#.#######..# #≈#.#
.....#gh.# .# #≈§∩. ....
..... .. #§#.# .h. .#.#. ##
#§§.≈ ... ###. g ###+#


You could see a yak, a howler monkey (catching breath) and a gnoll (inner flame,
swift).

Vanquished Creatures
  4 yaks (D:6)
  A sky beast (D:6)
  An ogre (D:6)
  A centaur (D:5)
  3 phantoms
  A bullfrog (D:5)
  A gnoll sergeant (D:6)
  A scorpion (D:5)
  A gnoll bouda (D:6)
  2 hounds (D:5)
  2 iguanas
  6 adders
  11 gnolls
  2 dart slugs (D:1)
  6 orcs
  2 endoplasms
  A giant cockroach (D:1)
  5 hobgoblins
  3 jackals (D:1)
  5 kobolds
  4 quokkas
  3 ball pythons
  5 bats
  A frilled lizard (D:1)
  5 goblins
  7 rats
84 creatures vanquished.

Notes
Turn   | Place    | Note
-------+----------+-------------------------------------------
     0 | D:1      | ponyjar the Demonspawn Brigand began the quest for the Orb.
     0 | D:1      | Reached XP level 1. HP: 16/16 MP: 1/1
    51 | D:1      | Reached skill level 2 in Short Blades
   161 | D:1      | Gained mutation: Your touch may inflict minor irresistible
                  | damage on your foes. [demonic ancestry]
   161 | D:1      | Reached XP level 2. HP: 22/22 MP: 2/2
   450 | D:1      | Reached skill level 3 in Short Blades
   506 | D:1      | Gained mutation: You sometimes gain a little power by
                  | taking damage. [demonic ancestry]
   506 | D:1      | Reached XP level 3. HP: 26/27 MP: 3/3
   738 | D:2      | Found Foobbiqi's Distillery.
   743 | D:2      | Bought a potion of heal wounds for 50 gold pieces
   743 | D:2      | Bought a potion of lignification for 30 gold pieces
  1494 | D:3      | Reached XP level 4. HP: 33/33 MP: 4/4
  1528 | D:3      | Found a large runed translucent door.
  1529 | D:3      | Found a large runed translucent door.
  1539 | D:3      | Noticed mdonais's ghost (amateur OpWn)
  1552 | D:3      | You fall into a shaft and drop 3 floors!
  1554 | D:6      | Found Punye's Armour Shop.
  1555 | D:6      | Noticed a phantom
  1565 | D:6      | Killed a phantom
  1566 | D:6      | Reached skill level 4 in Short Blades
  1566 | D:6      | Gained mutation: You sometimes gain power by taking damage.
                  | [demonic ancestry]
  1566 | D:6      | Reached XP level 5. HP: 38/38 MP: 5/5
  1598 | D:6      | Found Pusazu's Antique Weapon Emporium.
  1615 | D:6      | Noticed a phantom
  1636 | D:6      | Killed a phantom
  1637 | D:6      | Reached skill level 5 in Short Blades
  1644 | D:5      | Entered Level 5 of the Dungeon
  1703 | D:5      | Found a shadowy altar of Dithmenos.
  1722 | D:6      | Found Sel Fula's General Store.
  1727 | D:6      | Bought a scroll of identify for 20 gold pieces
  1733 | D:6      | Noticed a sky beast
  1746 | D:6      | Noticed an ogre
  1752 | D:6      | Killed a sky beast
  1753 | D:6      | Gained mutation: You are surrounded by a mild repulsion
                  | field. (EV +2) [demonic ancestry]
  1753 | D:6      | Reached XP level 6. HP: 44/44 MP: 6/6
  1758 | D:6      | Reached skill level 6 in Short Blades
  2101 | D:5      | Reached skill level 7 in Short Blades
  2101 | D:5      | Gained mutation: You are partially covered in sharp spines.
                  | [demonic ancestry]
  2101 | D:5      | Reached XP level 7. HP: 49/50 MP: 7/7
  2412 | D:5      | Found an iron altar of Okawaru.
  2748 | D:5      | Reached skill level 8 in Short Blades
  3022 | D:6      | Found a sacrificial altar of Ru.
  3258 | D:6      | Noticed a yak
  3259 | D:6      | Noticed a yak
  3261 | D:6      | Noticed a yak
  3261 | D:6      | Noticed a yak
  3261 | D:6      | Noticed a yak
  3269 | D:6      | Identified a scroll of acquirement
  3269 | D:6      | Acquired a manual of Earth Magic
  3270 | D:6      | Killed a yak
  3270 | D:6      | Killed a yak
  3270 | D:6      | Killed a yak
  3270 | D:6      | Killed a yak
  3270 | D:6      | Killed by an exploding yak... ignited by their inner flame

Illustrated notes

Levels and vault maps discovered:
D:1:      dpeg_arrival_windows_large_door, layout_basic
D:2:      layout_basic, serial_shops, nicolae_shop_crystal, dk_vineyard_1
D:3:      layout_loops_ring, serial_shops, shop, shop, shop_statue,
          nicolae_shop_competitors_out_of_business, ebering_ghost_disaster_area,
          serial_glass, glass_columns_b, glass_columns_a, due_unseen_surprise,
          item_on_display_a, chequers_decorated_corner
D:5:      layout_rooms, nicolae_overflow_hidden_temple,
          lemuel_coloured_pillars_altar, serial_curves, eino_curves_01,
          eino_curves_02, eino_curves_03, eino_curves_04,
          hangedman_decor_points, st_stairs_8
D:6:      layout_rooms, serial_shops, nicolae_shop_bloodbath_and_beyond,
          kennysheep_little_box, nicolae_shop_waterfront, kennysheep_mini,
          nicolae_shop_hallway_plus, abandoned_shop, minivault_19,
          hangedman_feature_mirror

Skill      XL: |  1  2  3  4  5  6  7 |
---------------+----------------------+-----
Short Blades   | 2 3 4 5 7 8 |  8.6
Fighting       | |  2.0
Throwing       | |  1.8
Dodging        | |  0.9
Stealth        | |  3.6

Action                   |  1- 3 |  4- 6 |  7- 9 || total
-------------------------+-------+-------+-------++-------
Melee: Dagger            |    95 |    65 |    95 ||   255
       Punch             |     1 |       |     3 ||     4
       Touch             |    14 |    15 |    13 ||    42
       Unarmed           |       |     7 |     7 ||    14
Throw: Dart              |     2 |       |       ||     2
Evoke: Wand              |       |       |     1 ||     1
  Use: Potion            |       |     4 |     1 ||     5
       Scroll            |       |     1 |     6 ||     7
 Stab: Sleeping          |     6 |       |     1 ||     7
Armor: Robe              |    26 |       |       ||    26
       Leather armour    |     1 |    14 |    22 ||    37
       Skin              |       |     3 |    13 ||    16
Dodge: Dodged            |    54 |    26 |    60 ||   140

Table legend: (Time is in decaauts)
 A = Elapsed time spent in this place.
 B = Non-inter-level travel time spent in this place.
 C = Inter-level travel time spent in this place.
 D = Time resting spent in this place.
 E = Time spent auto-exploring this place.
 F = Levels seen in this place.
 G = Mean time per level.
                   A        B        C        D        E       F      G
               +--------+--------+--------+--------+--------+-----+--------+
         Total |   3198 |   3088 |    110 |    400 |   2115 |   5 |  639.6 |
       Dungeon |   3198 |   3088 |    110 |    400 |   2115 |   5 |  639.6 |
               +--------+--------+--------+--------+--------+-----+--------+

Top non-repeatable levels by time:
     D:5: 951 daAuts
     D:2: 799 daAuts
     D:6: 709 daAuts
     D:1: 663 daAuts
     D:3: 74 daAuts
